[Event "Titled Tuesday Blitz November 29 Early 2022"]
[White "Maksimovic, Bojan"]
[Black "Sethuraman, S.P."]
[WhiteFideId "14408120"]
[BlackFideId "5021596"]
[WhiteElo "2447"]
[BlackElo "2545"]
[Result "1-0"]
[Round "08"]
[TimeControl "180+1"]
[Date "2022.11.30"]
[WhiteClock "0:00:07"]
[BlackClock "0:00:13"]

1. e4 c5 2. Nf3 e6 3. d4 cxd4 4. Nxd4 Nc6 5. Nc3 Qc7 6. Be3 a6 7. Qf3 b5 8. Nxc6 Qxc6 9. O-O-O b4 10. Nd5 Bb7 11. Nb6 Rd8 12. Qg3 Nf6 13. f3 Bc5 14. Bxc5 Qxc5 15. Qxg7 Ke7 16. Nc4 d6 17. Rxd6 Rhg8 18. Qh6 Rg6 19. Qf4 e5 20. Nxe5 Qxd6 21. Nxg6+ hxg6 22. Qxd6+ Kxd6 23. Bc4 Ke7 24. Rd1 Rxd1+ 25. Kxd1 Nd7 26. Ke2 g5 27. Ke3 Ne5 28. Be2 f6 29. g3 Nf7 30. Kd4 Kd6 31. f4 a5 32. h4 gxf4 33. gxf4 Nh6 34. h5 Ke6 35. Bd3 Kd6 36. e5+ fxe5+ 37. fxe5+ Ke6 38. Be4 Bxe4 39. Kxe4 Nf7 40. Kd4 Nxe5 41. Kc5 Nf3 42. Kb5 Nd4+ 43. Kxa5 Nxc2 44. Ka4 Kf6 45. Kb3 Nd4+ 46. Kxb4 Kg5 47. Kc5 Ne6+ 48. Kd6 Nd4 49. Kd5 Nc2 50. a4 Kxh5 51. Kc5 Kg5 52. a5 Ne1 53. a6 Nd3+ 54. Kb5 Nxb2 55. a7 Nd3 56. a8=Q Ne5 57. Qd5 Kf5 58. Kc5 Kf4 59. Kd4 Nf3+ 60. Kd3 Ne5+ 61. Ke2 Ng4 62. Qf3+ Kg5 63. Qg3 Kf5 64. Kd3 Ne5+ 65. Kd4 Ng4 66. Qf3+ Kg5 67. Kd5 Nf6+ 68. Ke6 Ng4 69. Qf5+ Kh4 70. Qf4 Kh3 71. Kf5 Nh2 72. Qg5 Nf3 73. Qg4+ Kh2 74. Qxf3 1-0


[Site "https://www.chess.com"]

[Event "Titled Tuesday Blitz November 29 Early 2022"]
[White "Manon, Reja Neer"]
[Black "Kiseljova, Marya"]
[WhiteFideId "10224009"]
[BlackFideId "4155009"]
[WhiteElo "1942"]
[BlackElo "1907"]
[Result "1/2-1/2"]
[Round "08"]
[TimeControl "180+1"]
[Date "2022.11.30"]
[WhiteClock "0:00:10"]
[BlackClock "0:00:14"]

1. e4 c5 2. Nf3 Nc6 3. d4 cxd4 4. Nxd4 g6 5. Nxc6 bxc6 6. Qd4 Nf6 7. e5 Nd5 8. c4 Qb6 9. Qd1 Nc7 10. Bd2 Bg7 11. Bc3 O-O 12. Be2 Ne6 13. Nd2 Nf4 14. O-O Nxe2+ 15. Qxe2 Ba6 16. Ne4 Rab8 17. Rfd1 Rfd8 18. Rac1 Qc7 19. Qe1 Bxc4 20. Ba5 Qxe5 21. Rxc4 d5 22. Bxd8 dxc4 23. Ba5 f5 24. Nd2 Qxa5 25. Qe6+ Kf8 26. Nxc4 Qa4 27. b3 Qxa2 28. Re1 Qxb3 29. Qxe7+ Kg8 30. Qe6+ Kh8 31. Qxc6 Bc3 32. Re8+ Rxe8 33. Qxe8+ Kg7 34. Qe7+ Kh6 35. Qh4+ Kg7 36. Qe7+ Kh6 37. Qe3+ f4 38. Qxf4+ Kg7 39. Qc7+ Kg8 40. Qd8+ Kg7 41. Qe7+ Kg8 42. Qe8+ Kg7 43. Qd7+ Kg8 44. Qc8+ Kg7 45. Qc7+ Kg8 46. Qd8+ Kg7 47. Qe7+ Kg8 48. Qe6+ Kg7 49. Qd7+ Kg8 50. Qe6+ Kg7 51. Qe7+ 1/2-1/2


[Site "https://www.chess.com"]

[Event "Titled Tuesday Blitz November 29 Early 2022"]
[White "Manon-og, Ramon Jr."]
[Black "Aqib Javaid Butt"]
[WhiteFideId "5200776"]
[BlackFideId "7801262"]
[WhiteElo "2339"]
[BlackElo "1659"]
[Result "1-0"]
[Round "08"]
[TimeControl "180+1"]
[Date "2022.11.30"]
[WhiteClock "0:00:37"]
[BlackClock "0:00:09"]

1. e4 c6 2. d4 d5 3. e5 Bf5 4. Nd2 e6 5. Nb3 Nd7 6. Nf3 c5 7. dxc5 Nxc5 8. Nxc5 Bxc5 9. Bb5+ Kf8 10. O-O Ne7 11. c3 a6 12. Be2 Bg6 13. Bg5 Qc7 14. Rc1 Nc6 15. Bf4 Be4 16. c4 dxc4 17. Rxc4 Rd8 18. Qc1 Bxf3 19. Bxf3 Bd4 20. Bxc6 bxc6 21. Rxc6 Qb8 22. Rd1 h6 23. Rd3 g5 24. Rxd4 Rxd4 25. Rc8+ Qxc8 26. Qxc8+ Kg7 27. Qc1 Rhd8 28. Kf1 Rd1+ 29. Ke2 Rxc1 30. Bxc1 Rd5 31. f4 Rc5 32. Kd1 gxf4 33. Bxf4 Kg6 34. Kd2 Kf5 35. Bxh6 Rxe5 36. h3 Ke4 37. Be3 Rd5+ 38. Ke2 a5 39. h4 f5 40. g3 Rd3 41. Bf4 Rd4 42. h5 Rc4 43. Kd2 Rc7 44. Bxc7 e5 45. h6 f4 46. gxf4 1-0


[Site "https://www.chess.com"]

[Event "Titled Tuesday Blitz November 29 Early 2022"]
[White "Matveeva, Olga"]
[Black "Vargas Pereda, Jesus Manue"]
[WhiteFideId "24107018"]
[BlackFideId "5115710"]
[WhiteElo "2055"]
[BlackElo "1950"]
[Result "1-0"]
[Round "08"]
[TimeControl "180+1"]
[Date "2022.11.30"]
[WhiteClock "0:00:20"]
[BlackClock "0:00:13"]

1. d4 Nf6 2. c4 c5 3. d5 e6 4. Nc3 exd5 5. cxd5 d6 6. e4 g6 7. h3 Bg7 8. Nf3 O-O 9. Bd3 b5 10. Nxb5 Nxe4 11. Bxe4 Qa5+ 12. Nc3 Re8 13. Ng5 f5 14. O-O fxe4 15. Ncxe4 Bf5 16. Nxd6 Rf8 17. Nxf5 Rxf5 18. Ne6 Nd7 19. Nxg7 Kxg7 20. Bd2 Qc7 21. Bc3+ Kg8 22. d6 Qc6 23. Qe2 Nf8 24. Rad1 Rd8 25. Qc4+ Rf7 26. Be5 Nd7 27. Bg3 Nb6 28. Qe6 Qd7 29. Rfe1 Nc8 30. Qb3 Qc6 31. d7 Rxd7 32. Re8+ Kg7 33. Be5+ Kh6 34. Qe3+ g5 35. Re1 Rde7 36. Rg8 Qe6 37. Qxg5# 1-0


[Site "https://www.chess.com"]

[Event "Titled Tuesday Blitz November 29 Early 2022"]
[White "Megalios, Konstantinos"]
[Black "Malka, Samuel"]
[WhiteFideId "4238044"]
[BlackFideId "20643675"]
[WhiteElo "2277"]
[BlackElo "2460"]
[Result "1-0"]
[Round "08"]
[TimeControl "180+1"]
[Date "2022.11.30"]
[WhiteClock "0:01:19"]
[BlackClock "0:01:10"]

1. Nf3 c5 2. g3 Nc6 3. Bg2 e5 4. d3 g6 5. c4 Bg7 6. O-O Nge7 7. Nc3 d6 8. a3 h6 9. Rb1 a5 10. Ne1 Be6 11. Nc2 d5 12. cxd5 Nxd5 13. Ne3 Nde7 14. Nc4 O-O 15. Be3 b6 16. Qd2 Kh7 17. Rfc1 Rb8 18. Qd1 Qd7 19. Na4 Nc8 20. Ncxb6 Rxb6 21. Nxc5 1-0


[Site "https://www.chess.com"]

[Event "Titled Tuesday Blitz November 29 Early 2022"]
[White "Melian, Juan Sebastian"]
[Black "Havas, Ladislav"]
[WhiteFideId "3706575"]
[BlackFideId "14501090"]
[WhiteElo "2044"]
[BlackElo "2199"]
[Result "1-0"]
[Round "08"]
[TimeControl "180+1"]
[Date "2022.11.30"]
[WhiteClock "0:00:31"]
[BlackClock "0:00:28"]

1. d4 Nf6 2. c4 e5 3. e3 exd4 4. exd4 Bb4+ 5. Nc3 O-O 6. Bd3 Re8+ 7. Ne2 d5 8. O-O dxc4 9. Bxc4 Nc6 10. Bg5 h6 11. Bh4 Be7 12. Qd2 a6 13. a3 Bf5 14. Rad1 Bg6 15. Nf4 Bf5 16. Rfe1 g5 17. Nfd5 Nxd5 18. Nxd5 gxh4 19. Qxh6 Be6 20. Bd3 f5 21. Rxe6 Bf8 22. Rg6+ Bg7 23. Qxg7# 1-0


[Site "https://www.chess.com"]

[Event "Titled Tuesday Blitz November 29 Early 2022"]
[White "Mendez, Ruddy Antonio"]
[Black "Mogirzan, Matei-Valeriu"]
[WhiteFideId "6403387"]
[BlackFideId "1257455"]
[WhiteElo "2106"]
[BlackElo "1733"]
[Result "1-0"]
[Round "08"]
[TimeControl "180+1"]
[Date "2022.11.30"]
[WhiteClock "0:01:03"]
[BlackClock "0:00:01"]

1. d4 c6 2. c4 d5 3. Nc3 dxc4 4. a4 g6 5. Nf3 Bg7 6. Ne5 Bxe5 7. dxe5 Qxd1+ 8. Nxd1 Nd7 9. f4 Nc5 10. Be3 Nb3 11. Rb1 Bf5 12. Rc1 Nxc1 13. Bxc1 b5 14. g3 Be4 15. Rg1 e6 16. Nc3 Bd5 17. e4 b4 18. exd5 bxc3 19. d6 cxb2 20. Bxb2 Rb8 21. Bc3 Rb1+ 22. Kd2 Kd7 23. Bd4 Nh6 24. Bxc4 Rxg1 25. Bxg1 Rb8 26. Kc3 a5 27. Ba7 Rb4 28. Bb3 Nf5 29. Bc5 Rb8 30. Ba7 Rb7 31. Bf2 f6 32. exf6 Kxd6 33. f7 Rxf7 34. Bb6 c5 35. Bxa5 Nd4 36. Bd1 Ra7 37. Bb6 Rb7 38. a5 Kc6 39. Ba4+ Kd5 40. Bd1 h5 41. h3 Kc6 42. Kc4 Rd7 43. Ba4+ Kd6 44. Bxd7 Kxd7 45. Kxc5 Ne2 46. a6 Kc8 47. Kc6 1-0


[Site "https://www.chess.com"]

[Event "Titled Tuesday Blitz November 29 Early 2022"]
[White "Mitrovic, Darko R"]
[Black "Zaloznyy, Mike"]
[WhiteFideId "927023"]
[BlackFideId "2023075"]
[WhiteElo "2150"]
[BlackElo "2126"]
[Result "1-0"]
[Round "08"]
[TimeControl "180+1"]
[Date "2022.11.30"]
[WhiteClock "0:00:01"]
[BlackClock "0:00:25"]

1. d4 Nf6 2. Nf3 e6 3. g3 d5 4. Bg2 a6 5. O-O Be7 6. b3 b5 7. a4 Bb7 8. Nbd2 O-O 9. c4 dxc4 10. bxc4 c5 11. axb5 cxd4 12. Nb3 axb5 13. Rxa8 Bxa8 14. cxb5 Bxf3 15. Bxf3 e5 16. Bg5 Nfd7 17. Bxe7 Qxe7 18. Qd3 Nc5 19. Nxc5 Qxc5 20. Rb1 Nd7 21. Qb3 Nb6 22. Qb2 Rc8 23. Bc6 Na4 24. Qb4 Qc2 25. Ra1 Nc3 26. Qe7 Nxe2+ 27. Kg2 Qf5 28. Ra7 d3 29. Rd7 Nd4 30. Rd8+ Rxd8 31. Qxd8# 1-0


[Site "https://www.chess.com"]

[Event "Titled Tuesday Blitz November 29 Early 2022"]
[White "Nepo"]
[Black "Rios Escobar, Adan"]
[BlackFideId "3403645"]
[WhiteElo "2140"]
[BlackElo "2314"]
[Result "1-0"]
[Round "08"]
[TimeControl "180+1"]
[Date "2022.11.30"]
[WhiteClock "0:01:12"]
[BlackClock "0:00:07"]

1. e4 c5 2. Nf3 d6 3. Be2 Nf6 4. Nc3 a6 5. O-O b5 6. a3 Bb7 7. d3 Nbd7 8. Bg5 h6 9. Bh4 g5 10. Bg3 Nh5 11. Nd5 Nxg3 12. hxg3 Bg7 13. Rb1 e6 14. Ne3 Qe7 15. c4 Bc6 16. b4 cxb4 17. axb4 O-O 18. Nd2 Nb6 19. Qb3 Rfc8 20. Qa2 Na4 21. Nd1 Qb7 22. Bf3 Rc7 23. Nb3 Bd7 24. e5 d5 25. cxd5 exd5 26. Na5 Qb6 27. Bxd5 Rf8 28. Re1 Qd4 29. e6 fxe6 30. Bxe6+ Bxe6 31. Rxe6 Rcf7 32. Re2 h5 33. Nc6 Qg4 34. Ne7+ Kh8 35. Ng6+ Kh7 36. Nxf8+ Rxf8 37. Qe6 Qd4 38. Qe4+ Kg8 39. Qxd4 Bxd4 40. Re4 Ba7 41. Rc1 Rf7 42. Rc8+ Kg7 43. Rc6 h4 44. Rxa6 Nb2 45. Ne3 Nxd3 46. gxh4 gxh4 47. Rg4+ Kh7 48. Rxh4+ Kg7 49. Rg4+ Kf8 50. Rh4 Bxe3 51. fxe3 Nxb4 52. Ra8+ Kg7 53. Rxb4 Re7 54. Rxb5 Rxe3 55. Ra7+ Kf6 56. Ra6+ Kf7 57. Rb7+ Re7 58. Rxe7+ Kxe7 59. Ra3 Kf7 60. Rf3+ Kg7 61. Kf2 Kg6 62. Ke3 Kg5 63. Ke4 Kg6 64. g4 Kg5 65. Rf4 Kg6 66. Rf5 Kh6 67. Ke5 Kg6 68. Ke6 Kh6 69. Kf6 Kh7 70. Rg5 Kh6 71. Rg6+ Kh7 72. Kf7 Kh8 73. Rh6# 1-0


[Site "https://www.chess.com"]

[Event "Titled Tuesday Blitz November 29 Early 2022"]
[White "Nguyen, Thai Dai Van"]
[Black "Sadubayev, Airat"]
[WhiteFideId "358878"]
[BlackFideId "13713264"]
[WhiteElo "2534"]
[BlackElo "2160"]
[Result "0-1"]
[Round "08"]
[TimeControl "180+1"]
[Date "2022.11.30"]
[WhiteClock "0:01:01"]
[BlackClock "0:00:10"]

1. d4 d5 2. Nf3 Nf6 3. c4 c6 4. Nc3 e6 5. e3 Nbd7 6. Be2 Bd6 7. O-O O-O 8. b3 b6 9. Bb2 Bb7 10. a4 a5 11. Qc2 Qe7 12. Rad1 Rad8 13. Rfe1 Rfe8 14. Bf1 Bb4 15. Re2 h6 16. g3 c5 17. Nh4 dxc4 18. bxc4 cxd4 19. exd4 Qf8 20. Bg2 Bxg2 21. Nxg2 e5 22. dxe5 Rxe5 23. Nd5 Rxe2 24. Qxe2 Nxd5 25. cxd5 Bd6 26. Ne3 Nc5 27. Nf5 f6 28. Qg4 Kh8 29. Qg6 Be5 30. Bxe5 fxe5 31. h4 Ne4 32. Re1 Nf6 33. d6 e4 34. Rb1 Rb8 35. Rb3 Rb7 36. Ne7 Qe8 37. Qf5 Qf7 38. Qc8+ Kh7 39. Qxb7 Qxb3 40. Nf5 Qd1+ 41. Kh2 Ng4+ 42. Kh3 Nxf2+ 43. Kg2 Qf3+ 44. Kg1 Qxf5 45. d7 Ng4 46. Kg2 h5 47. Qxb6 Qxd7 48. Qxa5 Qf7 49. Qd2 Qf3+ 50. Kh3 Nf2+ 51. Kh2 Qh1# 0-1


[Site "https://www.chess.com"]

[Event "Titled Tuesday Blitz November 29 Early 2022"]
[White "Odegov, Artem"]
[Black "Kvaloy, Aksel Bu"]
[WhiteFideId "34183644"]
[BlackFideId "1528815"]
[WhiteElo "2298"]
[BlackElo "2184"]
[Result "1-0"]
[Round "08"]
[TimeControl "180+1"]
[Date "2022.11.30"]
[WhiteClock "0:00:26"]
[BlackClock "0:00:13"]

1. d4 Nf6 2. c4 e6 3. Nf3 d5 4. Nc3 Bb4 5. Bg5 O-O 6. e3 h6 7. Bxf6 Qxf6 8. Rc1 c6 9. Be2 Nd7 10. O-O dxc4 11. Bxc4 e5 12. Ne4 Qe7 13. Ng3 exd4 14. Nxd4 Ne5 15. Be2 Be6 16. Qa4 Rfd8 17. Nxe6 fxe6 18. Rfd1 Bd6 19. Qb3 Bc5 20. a3 Bb6 21. Qc3 Nd7 22. Bc4 Nf6 23. b4 Nd5 24. Qb2 Rf8 25. b5 Qf6 26. Qxf6 gxf6 27. bxc6 bxc6 28. Ba2 Rac8 29. Ne4 Rfd8 30. Kf1 Kf7 31. Ke2 Ke7 32. g3 f5 33. Nd2 Ba5 34. Bxd5 cxd5 35. Nb3 Bb6 36. Kd3 Kd6 37. f4 Rb8 38. Rc3 Rdc8 39. Rdc1 Rxc3+ 40. Rxc3 Bd8 41. Nd4 Bf6 42. Rc6+ Kd7 43. Ra6 Bxd4 44. Kxd4 Rb7 45. Ke5 Rb3 46. Rxa7+ Kc6 47. Ra6+ Kc5 48. Rxe6 Rxe3+ 49. Kxf5 Rxe6 50. Kxe6 d4 51. f5 d3 52. f6 d2 53. f7 d1=Q 54. f8=Q+ Kc6 55. Qc8+ Kb6 56. Qb8+ Kc6 57. Qa8+ Kb6 58. Qb8+ Kc6 59. Qb4 Qe2+ 60. Kf5 Qf3+ 61. Ke5 Qe3+ 62. Qe4+ Qxe4+ 63. Kxe4 Kb5 64. Kf5 Ka4 65. Kg6 Kxa3 66. Kxh6 Kb4 67. g4 Kc5 68. g5 Kd6 69. g6 Ke5 70. Kh7 Kd4 71. g7 Kc5 72. g8=Q Kd6 73. Qg3+ Kd5 74. h4 Kc4 75. h5 Kc5 76. h6 Kd5 77. Kg7 Ke6 78. h7 Kf5 79. h8=Q Ke4 80. Qe8+ Kf5 81. Qee5# 1-0


[Site "https://www.chess.com"]

[Event "Titled Tuesday Blitz November 29 Early 2022"]
[White "Ohanyan, Emin"]
[Black "Salman, Pavel"]
[WhiteFideId "13312022"]
[BlackFideId "24153753"]
[WhiteElo "2352"]
[BlackElo "2187"]
[Result "1-0"]
[Round "08"]
[TimeControl "180+1"]
[Date "2022.11.30"]
[WhiteClock "0:00:50"]
[BlackClock "0:00:01"]

1. e4 c5 2. Nf3 e6 3. d4 cxd4 4. Nxd4 a6 5. Bd3 Bc5 6. Nb3 Ba7 7. Qe2 Ne7 8. Be3 e5 9. c4 d6 10. Nc3 Nbc6 11. O-O O-O 12. Rad1 Be6 13. Bxa7 Rxa7 14. Qe3 Qb8 15. f4 exf4 16. Qxf4 Ng6 17. Qg3 Nce5 18. Nd2 Nxd3 19. Qxd3 Ne5 20. Qd4 b5 21. cxb5 axb5 22. a3 Ra6 23. Nf3 Nxf3+ 24. Rxf3 Qb6 25. Qxb6 Rxb6 26. Rd4 g6 27. Rfd3 Rfb8 28. Rxd6 Rxd6 29. Rxd6 b4 30. axb4 Rxb4 31. Rd2 Kg7 32. Kf2 Kf6 33. Ke1 Ke5 34. Kd1 h5 35. Kc2 h4 36. Rd8 g5 37. g3 hxg3 38. hxg3 f5 39. exf5 Kxf5 40. Rd3 Kg4 41. Re3 Bf5+ 42. Kc1 Kh3 43. Ne2 Kg2 44. b3 Bg4 45. Kd2 Kf2 46. Nc1 Rd4+ 47. Nd3+ Kg2 48. Kc3 Rd8 49. b4 Bf3 50. b5 g4 51. Re7 Kxg3 52. Rg7 Kh2 53. Ne5 Be4 54. Rxg4 Bf5 55. Rd4 Rxd4 56. Kxd4 Bc8 57. Nc4 Kg3 58. Kc5 Kf4 59. Nd6 Bh3 60. Nc4 Bg2 61. Kd6 1-0


[Site "https://www.chess.com"]

[Event "Titled Tuesday Blitz November 29 Early 2022"]
[White "Oro, Faustino"]
[Black "Molina, Roberto Junio Brito"]
[WhiteFideId "20000197"]
[BlackFideId "2109450"]
[WhiteElo "2066"]
[BlackElo "2388"]
[Result "1-0"]
[Round "08"]
[TimeControl "180+1"]
[Date "2022.11.30"]
[WhiteClock "0:00:06"]
[BlackClock "0:00:14"]

1. e4 c5 2. Nf3 e6 3. d4 cxd4 4. Nxd4 Nc6 5. Nc3 Qc7 6. Be3 a6 7. Qf3 Bb4 8. O-O-O Bxc3 9. bxc3 Nge7 10. Qg3 Qxg3 11. hxg3 h6 12. Be2 d5 13. Bf3 Ne5 14. exd5 Nxf3 15. Nxf3 Nxd5 16. Bd4 O-O 17. Ne5 f6 18. Ng6 Re8 19. c4 Nb4 20. Bc5 Nc6 21. Rd6 e5 22. Bb6 Kf7 23. Nh4 Be6 24. c5 Rac8 25. Kb2 Nd4 26. a4 Nc6 27. c3 Ne7 28. Rhd1 Rc6 29. a5 g5 30. Nf3 Bg4 31. Rd8 Rc8 32. Rxe8 Rxe8 33. Rd6 Nc6 34. Nd2 Be6 35. f3 Ke7 36. g4 Rh8 37. Ne4 h5 38. gxh5 Rxh5 39. Bc7 f5 40. Ng3 Rh2 41. Rd2 e4 42. Nxf5+ Bxf5 43. Bxh2 exf3 44. gxf3 Nxa5 45. Re2+ Kf6 46. Bd6 Bd3 47. Re7 b5 48. Ra7 Nc4+ 49. Kc1 a5 50. Bc7 a4 51. c6 Be2 52. Bd8+ Ke6 53. Re7+ Kd5 54. Rxe2 Kxc6 55. Bxg5 Kd5 56. Bf4 Na5 57. Kb2 Nb3 58. Re8 Kc4 59. Rc8+ Kd3 60. Be5 Na5 61. Bd4 Nb3 62. f4 Ke4 63. Re8+ Kxf4 64. Rb8 Ke4 65. Rxb5 Nd2 66. Rb4 Kd3 67. Rxa4 Ne4 68. Be5 Nc5 69. Rd4+ Ke2 70. Bh8 Ke3 71. Kc2 Ne6 72. Rd6 Ng5 73. Bd4+ Ke4 74. Rg6 Nf3 75. Rg4+ Kd5 76. Rg3 Nh4 77. Kd3 Ke6 78. Ke4 Kf7 79. Kd5 Ke7 80. Re3+ Kd7 81. c4 Nf5 82. c5 Ne7+ 83. Rxe7+ Kxe7 84. Kc6 Kd8 85. Kb7 Kd7 86. c6+ Ke6 87. c7 1-0


[Site "https://www.chess.com"]

[Event "Titled Tuesday Blitz November 29 Early 2022"]
[White "Palacio,Igor Da Paz"]
[Black "Van Osch, Mees"]
[WhiteFideId "2121140"]
[BlackFideId "1035967"]
[WhiteElo "2126"]
[BlackElo "2324"]
[Result "0-1"]
[Round "08"]
[TimeControl "180+1"]
[Date "2022.11.30"]
[WhiteClock "0:00:01"]
[BlackClock "0:00:55"]

1. e4 c6 2. d4 d5 3. Nd2 dxe4 4. Nxe4 Nf6 5. Nxf6+ exf6 6. c3 Bd6 7. Bd3 O-O 8. Qc2 g6 9. Ne2 Re8 10. Be3 b5 11. h4 Nd7 12. h5 Nf8 13. O-O-O a5 14. Bh6 f5 15. d5 cxd5 16. Bxb5 Bd7 17. Rxd5 Bxb5 18. Rxb5 a4 19. Rd1 Qe7 20. Be3 a3 21. b3 Be5 22. Bd4 Bxd4 23. Nxd4 Rac8 24. c4 Qg5+ 25. Qd2 Qxh5 26. Rd5 Qg4 27. f3 Qg3 28. Nb5 Ne6 29. Nd6 Red8 30. Nxc8 Rxc8 31. Kb1 h5 32. Rh1 Qc7 33. Rd1 Rb8 34. Rd7 Qxc4 35. Rd8+ Nxd8 36. Qxd8+ Kg7 37. Qxb8 Qc3 0-1


[Site "https://www.chess.com"]

[Event "Titled Tuesday Blitz November 29 Early 2022"]
[White "Paravyan, David"]
[Black "Urazayev, Arystanbek"]
[WhiteFideId "4194985"]
[BlackFideId "13709810"]
[WhiteElo "2546"]
[BlackElo "2441"]
[Result "1-0"]
[Round "08"]
[TimeControl "180+1"]
[Date "2022.11.30"]
[WhiteClock "0:00:11"]
[BlackClock "0:00:08"]

1. e4 c5 2. Nf3 e6 3. d4 cxd4 4. Nxd4 a6 5. c3 Nc6 6. Nxc6 bxc6 7. Bd3 d5 8. O-O Nf6 9. exd5 cxd5 10. c4 Be7 11. Nc3 O-O 12. cxd5 exd5 13. Bg5 Be6 14. Re1 h6 15. Bh4 a5 16. Nb5 Qb6 17. a4 Rfe8 18. Nd4 Bc5 19. Bxf6 gxf6 20. Nxe6 Rxe6 21. Qg4+ Kf8 22. Qf4 Qxb2 23. Reb1 Qd4 24. Qxd4 Bxd4 25. Ra2 Rae8 26. Kf1 Bc3 27. Re2 Rxe2 28. Bxe2 d4 29. g3 Kg7 30. Rb7 Rc8 31. Bh5 Rc5 32. Bxf7 f5 33. Bc4+ Kf6 34. Rb6+ Kg7 35. Bd3 Re5 36. Kg2 Bb4 37. Rb7+ Kf6 38. Kf3 Rd5 39. Rb6+ Kg7 40. Rb7+ Kf6 41. Kg2 Kg5 42. f4+ Kf6 43. Rb6+ Rd6 44. Rb5 Rc6 45. Rxf5+ Kg7 46. Kf3 Re6 47. Be4 Rd6 48. Ke2 Bc3 49. Rb5 Re6 50. Kd3 Re7 51. Rb6 Rc7 52. Rg6+ Kf8 53. Rxh6 Rc5 54. Rf6+ Kg7 55. Rf5 Rc7 56. Rb5 Ba1 57. Rb7 Rxb7 58. Bxb7 Bc3 59. Ba6 Kf6 60. Ke4 Kg6 61. Bd3 Kh5 62. Kf3 Kh6 63. h4 Be1 64. Kg2 Kh5 65. Kh3 Bd2 66. g4+ Kh6 67. g5+ Kh5 68. Be2+ Kg6 69. Kg4 Kg7 70. Bd3 1-0


[Site "https://www.chess.com"]

[Event "Titled Tuesday Blitz November 29 Early 2022"]
[White "Petrova, Irina"]
[Black "Georg, Heinz"]
[WhiteFideId "14124122"]
[BlackFideId "4607295"]
[WhiteElo "2023"]
[BlackElo "2309"]
[Result "1-0"]
[Round "08"]
[TimeControl "180+1"]
[Date "2022.11.30"]
[WhiteClock "0:00:55"]
[BlackClock "0:00:33"]

1. e4 e5 2. Nf3 Nc6 3. Bb5 f5 4. d3 Nf6 5. Nc3 d6 6. Bg5 Be7 7. O-O O-O 8. Re1 fxe4 9. dxe4 Bg4 10. Be2 Qd7 11. Be3 Kh8 12. h3 Be6 13. Qd3 h6 14. Nd5 Bxd5 15. exd5 Nb4 16. Qb3 Nbxd5 17. Bd2 c6 18. c4 Nc7 19. Nh4 Kh7 20. Qc2+ e4 21. Bg4 Nxg4 22. Qxe4+ Kg8 23. Qxe7 Qxe7 24. Rxe7 Rxf2 25. Bc3 Ne5 26. Bxe5 dxe5 27. Kxf2 Rf8+ 28. Kg1 Na6 29. Ng6 Rf6 30. Nxe5 Nc5 31. Rf1 1-0


[Site "https://www.chess.com"]

[Event "Titled Tuesday Blitz November 29 Early 2022"]
[White "Petrovic, Aleksa"]
[Black "Mohammed, Dilshad"]
[WhiteFideId "967629"]
[BlackFideId "5050421"]
[WhiteElo "2224"]
[BlackElo "2102"]
[Result "1-0"]
[Round "08"]
[TimeControl "180+1"]
[Date "2022.11.30"]
[WhiteClock "0:02:19"]
[BlackClock "0:01:34"]

1. d4 d5 2. c4 c5 3. cxd5 cxd4 4. Nf3 Qxd5 5. Nc3 Qa5 6. Nxd4 Nc6 7. Nxc6 bxc6 8. g3 Bd7 9. Bg2 Nf6 10. O-O e5 11. Bg5 Be7 12. Bxf6 Bxf6 13. Ne4 Be7 14. Nd6+ Bxd6 15. Qxd6 Rd8 16. Bxc6 Qb6 17. Qxe5+ 1-0


[Site "https://www.chess.com"]

[Event "Titled Tuesday Blitz November 29 Early 2022"]
[White "Pinheiro, Iung Alicio de O."]
[Black "Vakhlamov, Igor L."]
[WhiteFideId "2104350"]
[BlackFideId "24126748"]
[WhiteElo "2283"]
[BlackElo "2401"]
[Result "1-0"]
[Round "08"]
[TimeControl "180+1"]
[Date "2022.11.30"]
[WhiteClock "0:00:13"]
[BlackClock "0:00:05"]

1. e4 c5 2. Nf3 g6 3. h4 Nf6 4. e5 Ng4 5. h5 Bg7 6. d4 cxd4 7. Qxd4 d6 8. Bb5+ Nc6 9. h6 Bxe5 10. Nxe5 dxe5 11. Qe4 Qb6 12. Bxc6+ Qxc6 13. Qxc6+ bxc6 14. Nc3 Bf5 15. f3 Nf6 16. Be3 Bxc2 17. Rc1 Bf5 18. Na4 Nd5 19. Bd2 Kd7 20. g4 Be6 21. Nc5+ Kd6 22. Kf2 Rac8 23. Rhd1 f5 24. g5 Bf7 25. Bb4 Kc7 26. Nd3 e4 27. fxe4 fxe4 28. Ba5+ Kb8 29. Ne5 Rhf8 30. Kg3 Be8 31. Rc4 e3 32. Re4 Rf5 33. Nf3 Bd7 34. Bc3 Rcf8 35. Rf1 Kb7 36. Bg7 R8f7 37. Bc3 Bc8 38. Be5 a5 39. Bd4 Ka6 40. Bxe3 Bb7 41. Bd2 c5 42. Rf2 Nb4 43. Rf4 Rxf4 44. Bxf4 Nd3 45. Ne5 Rxf4 46. Rxf4 Nxe5 47. Rf8 Bd5 48. Rh8 Nf7 49. Rxh7 Nxg5 50. Rxe7 Bxa2 51. Kf4 Ne6+ 52. Rxe6+ Bxe6 53. h7 Kb5 54. h8=Q Kb4 55. Qc3+ Kb5 56. Ke5 Bc4 57. Kd6 a4 58. Qa3 Bb3 59. Qxc5+ Ka6 60. Kc7 1-0


[Site "https://www.chess.com"]

[Event "Titled Tuesday Blitz November 29 Early 2022"]
[White "Poltorak, Sebastian"]
[Black "Salinas Herrera, Pablo"]
[WhiteFideId "1199498"]
[BlackFideId "3407128"]
[WhiteElo "2196"]
[BlackElo "2557"]
[Result "1-0"]
[Round "08"]
[TimeControl "180+1"]
[Date "2022.11.30"]
[WhiteClock "0:00:10"]
[BlackClock "0:00:06"]

1. d4 d5 2. c4 c6 3. Nc3 Nf6 4. Nf3 e6 5. Bg5 Nbd7 6. e3 Qa5 7. cxd5 Nxd5 8. Rc1 Nxc3 9. bxc3 Ba3 10. Rc2 b6 11. Bd3 Ba6 12. O-O O-O 13. Qe2 Bxd3 14. Qxd3 Rfe8 15. Bf4 h6 16. Rd1 Rac8 17. Ne5 Nxe5 18. Bxe5 Bf8 19. Rb1 Red8 20. Qc4 c5 21. Qb5 Qxb5 22. Rxb5 cxd4 23. Bxd4 f6 24. f4 Rc4 25. Kf2 Kf7 26. Ke2 Rdc8 27. Kd3 Be7 28. e4 Ra4 29. g3 Ke8 30. e5 f5 31. Rcb2 g5 32. Ke3 Kf7 33. Kf3 Rcc4 34. R5b3 Ke8 35. Rd2 gxf4 36. gxf4 Kf7 37. Ke3 Rc8 38. Rg2 Rg8 39. Rxg8 Kxg8 40. Rb2 Kf7 41. Rg2 b5 42. Rb2 a6 43. Kd3 Rc4 44. Rc2 Bf8 45. Rc1 h5 46. Rg1 Bh6 47. Ke3 Ra4 48. Rg2 Ra3 49. Rb2 Ke8 50. Rg2 Kf7 51. Rb2 Bf8 52. Kd3 Be7 53. Be3 Ke8 54. Rg2 b4 55. Bd4 bxc3 56. Bxc3 Bb4 57. Rc2 Kd7 58. Kc4 Bxc3 59. Rxc3 Ra4+ 60. Kc5 Rxf4 61. Rd3+ Ke7 62. Rb3 Kf7 63. Rb7+ Kg6 64. Kd6 Ra4 65. Kxe6 Rxa2 66. Rb1 Rg2 67. Rb8 Rxh2 68. Rg8+ Kh7 69. Rg1 Rf2 70. Kf7 h4 71. e6 Re2 72. e7 Kh6 73. e8=Q Rxe8 74. Kxe8 f4 75. Kf7 f3 76. Kf6 Kh5 77. Kf5 h3 78. Kf4 f2 79. Rh1 Kh4 80. Kf3 a5 81. Kxf2 Kg4 82. Ra1 h2 83. Kg2 1-0


[Site "https://www.chess.com"]

[Event "Titled Tuesday Blitz November 29 Early 2022"]
[White "Postnikov, Daniil"]
[Black "Jumabayev, Rinat"]
[WhiteFideId "4166329"]
[BlackFideId "13702661"]
[WhiteElo "2261"]
[BlackElo "2561"]
[Result "0-1"]
[Round "08"]
[TimeControl "180+1"]
[Date "2022.11.30"]
[WhiteClock "0:00:01"]
[BlackClock "0:00:12"]

1. e4 c6 2. d4 d5 3. e5 c5 4. Nf3 cxd4 5. Qxd4 Nc6 6. Qf4 e6 7. Nc3 Nb4 8. Bd3 Bd7 9. O-O Rc8 10. h4 h6 11. h5 a6 12. Be3 Nxd3 13. cxd3 Ne7 14. Rac1 Nf5 15. Nd4 Nxd4 16. Bxd4 Be7 17. Qg4 O-O 18. Rce1 Bc5 19. Bxc5 Rxc5 20. f4 Qb6 21. Rf2 Rfc8 22. Re3 Rxc3 23. Rg3 Rc1+ 24. Kh2 g6 25. hxg6 f5 26. Qf3 R8c2 27. d4 Qxd4 28. Rf1 Rxf1 29. Qxf1 Bb5 30. Qe1 Qxf4 31. Qa5 Rc8 32. Qc3 Rxc3 0-1


[Site "https://www.chess.com"]

[Event "Titled Tuesday Blitz November 29 Early 2022"]
[White "Postny, Evgeny"]
[Black "Skliarov, Viktor"]
[WhiteFideId "2804344"]
[BlackFideId "14106736"]
[WhiteElo "2476"]
[BlackElo "2284"]
[Result "1-0"]
[Round "08"]
[TimeControl "180+1"]
[Date "2022.11.30"]
[WhiteClock "0:01:24"]
[BlackClock "0:00:05"]

1. e4 c5 2. Nf3 Nc6 3. d4 cxd4 4. Nxd4 Nf6 5. Nc3 e5 6. Ndb5 d6 7. Bg5 a6 8. Na3 b5 9. Nd5 Be7 10. Bxf6 Bxf6 11. c3 O-O 12. Nc2 Rb8 13. Be2 Bg5 14. O-O Be6 15. Qd3 Bxd5 16. Qxd5 Ne7 17. Qd3 d5 18. Rfd1 f5 19. exd5 Qd6 20. a4 bxa4 21. Qxa6 Qxa6 22. Bxa6 Rxb2 23. Nb4 Rd8 24. d6 Ng6 25. Nc6 Ra8 26. Rxa4 Kf8 27. d7 Rb6 28. Bb5 Rxa4 29. Bxa4 e4 30. g3 e3 31. d8=Q+ Bxd8 32. Rxd8+ Kf7 33. fxe3 1-0


[Site "https://www.chess.com"]